 Dungeon Crawl Stone Soup version 0.19.0-2-gae57169 (webtiles) character file.

67 Juniper the Slasher (level 4, -5/55 HPs)
             Began as a Human Berserker on Nov 3, 2016.
             Was a Follower of Trog.
             Slain by Sigmund
             ... wielding a +1 scythe of venom
              (10 damage)
             ... on level 2 of the Dungeon.
             The game lasted 00:02:53 (966 turns).

Juniper the Slasher (Human Berserker)                Turns: 966, Time: 00:02:53

Health: -5/55      AC:  2    Str: 23    XL:     4   Next: 38%
Magic:  4/4        EV: 12    Int:  7    God:    Trog [*.....]
Gold:   44         SH:  0    Dex: 13    Spells: 0 memorised, 3 levels left

rFire  . . .     SeeInvis .     a - +0 falchion
rCold  . . .     Gourm    .     b - +0 animal skin
rNeg   . . .     Faith    .     (no shield)
rPois  .         Spirit   .     (no helmet)
rElec  .         Reflect  .     (no cloak)
rCorr  .         Harm     .     (no gloves)
MR     .....                    (no boots)
Stlth  ..........               (no amulet)
                                (no ring)
                                (no ring)

@: berserking, lethally poisoned (-5 -> -29), very quick
A: no striking features
a: Berserk, Burn Spellbooks, Renounce Religion


You were on level 2 of the Dungeon.
You worshipped Trog.
Trog was aware of your devotion.
You were very hungry.

You visited 1 branch of the dungeon, and saw 2 of its levels.

You collected 44 gold pieces.

Inventory:

Hand Weapons
 a - a +0 falchion (weapon)
Missiles
 d - 26 arrows
Armour
 b - a +0 animal skin (worn)
Scrolls
 h - a scroll of blinking {unknown}
 i - a scroll of remove curse {unknown}
Potions
 e - 2 potions of curing {unknown}
 f - a potion of flight {unknown}
 g - a potion of magic {unknown}
Comestibles
 c - 2 bread rations
 j - 3 fruits
 k - 3 chunks of flesh


   Skills:
 + Level 3.9 Fighting
 + Level 4.0 Long Blades
 + Level 2.0 Armour
 + Level 2.2 Dodging


You had 3 spell levels left.
You didn't know any spells.

Dungeon Overview and Level Annotations

Branches:
Dungeon (2/15)

Altars:
Cheibriados

Annotations:
D:2 Sigmund


Message History

The jackal barely misses you.
You barely miss the jackal.
You feel sick. The jackal bites you.
A red film seems to cover your vision as you go berserk!
You feel yourself moving faster!
You feel mighty!
You are feeling very hungry.
The jackal bites you but does no damage.
Something hits you!
* * * LOW HITPOINT WARNING * * *
You are lethally poisoned!
The jackal bites you.
* * * LOW HITPOINT WARNING * * *
You completely miss the jackal.
* * * LOW HITPOINT WARNING * * *
You feel sick. The jackal misses you.
You riposte.
You hit the jackal.
The jackal is almost dead.
You closely miss the jackal.
The jackal is almost dead.
* * * LOW HITPOINT WARNING * * *
You feel sick. Something hits you!
You die...

####..#......#
#..#......#
####..#......#
......#......######
.....>+........... ..
......#........... ...
....#............# ##.##
.#+####..........# .....
.#...........###@#......
####........## #h#..w...
....).......## #r{..._..
####.........###.#......
# #............†#......
# ##.#..........# .....
# #.#..........# ##.##
#+#............ ...
.......)...?.## ##


You could see a jackal and a rat.

Vanquished Creatures
  Ijyb (D:2)
  Jessica (D:2)
  4 hobgoblins
  2 jackals (D:2)
  A kobold (D:1)
  A bat (D:1)
  A frilled lizard (D:1)
  3 rats (D:1)
14 creatures vanquished.

Notes
Turn   | Place    | Note
-------+----------+-------------------------------------------
     0 | D:1      | Juniper the Human Berserker began the quest for the Orb.
     0 | D:1      | Reached XP level 1. HP: 18/18 MP: 1/1
   173 | D:1      | Reached XP level 2. HP: 23/24 MP: 2/2
   757 | D:2      | Noticed Ijyb
   766 | D:2      | Killed Ijyb
   766 | D:2      | Reached XP level 3. HP: 30/30 MP: 3/3
   804 | D:2      | Noticed Jessica
   809 | D:2      | Killed Jessica
   809 | D:2      | Reached XP level 4. HP: 25/37 MP: 4/4
   949 | D:2      | Noticed Sigmund
   953 | D:2      | Found a snail-covered altar of Cheibriados.
   962 | D:2      | Reached skill level 4 in Long Blades
   966 | D:2      | Slain by Sigmund

Skill      XL: |  1  2  3  4 |
---------------+-------------+-----
Long Blades    | 4 |  4.0
Fighting       | |  3.9
Armour         | |  2.0
Dodging        | |  2.2

Action                   |  1- 3 |  4- 6 || total
-------------------------+-------+-------++-------
Melee: Falchion          |    31 |    10 ||    41
Invok: Berserk           |     1 |     1 ||     2
  Eat: Chunk             |     1 |       ||     1
Armor: Animal skin       |     3 |     5 ||     8
Dodge: Dodged            |    22 |    13 ||    35
       Rpst.: Falchion   |     9 |     2 ||    11
